 Dungeon Crawl Stone Soup version 0.29.0-4-gdea44cf6ec (webtiles) character file.

Game seed: 18153922093332512616

383 qw the Chopper (level 6, -6/39 HPs)
             Began as a Gargoyle Fighter on Sept 10, 2022.
             Mangled by an iguana (8 damage)
             ... on level 6 of the Dungeon.
             The game lasted 00:00:59 (2790 turns).

qw the Chopper (Gargoyle Fighter)                   Turns: 2790, Time: 00:01:00

Health: -6/39      AC: 12    Str: 22    XL:     6   Next: 76%
Magic:  0/6        EV:  9    Int:  8    God:
Gold:   162        SH:  4    Dex:  9    Spells: 5/5 levels left

rFire   . . .      SeeInvis .   Y - +0 war axe (vorpal)
rCold   . . .      Faith    .   c - +0 buckler
rNeg    + . .      Spirit   +   b - +0 scale mail
rPois   inf        Reflect  .   f - +0 helmet
rElec   +          Harm     .   (no cloak)
rCorr   .          Rampage  .   (no gloves)
Will    .....                   (no boots)
Stlth   ..........              i - amulet of guardian spirit
HPRegen 0.13/turn               (no ring)
MPRegen 0.10/turn               (no ring)

@: no status effects
A: sickness immunity, AC +4, negative energy resistance 1, electricity
resistance, torment resistance 1, petrification resistance
a: no special abilities


You were on level 6 of the Dungeon.
You visited 1 branch of the dungeon, and saw 4 of its levels.

You collected 162 gold pieces.


Innate Abilities, Weirdness & Mutations

You are immune to sickness and miasma.
Your stone body is resilient. (AC +4)
You are immune to poison.
You resist negative energy. (rN+)
You are resistant to electric shocks. (rElec)
You are resistant to unholy torment.
You are immune to petrification.


   Skills:
 - Level 4.7 Fighting
 + Level 5.3 Axes
 - Level 3.2 Armour
 - Level 1.3 Dodging
 - Level 3.2 Shields


You had 5 spell levels left.
You didn't know any spells.
Your spell library was empty.

Inventory:

Hand Weapons
 a - a +0 mace
 Y - a +0 vorpal war axe (weapon)
Armour
 b - a +0 scale mail (worn)
 c - a +0 buckler (worn)
 f - a +0 helmet (worn)
Jewellery
 i - an amulet of guardian spirit (around neck)
Scrolls
 e - a scroll of summoning {unknown}
Potions
 d - 2 potions of might
 j - a potion of curing
 m - a potion of lignification {unknown}
 n - a potion of flight {unknown}

Dungeon Overview and Level Annotations

Branches:
Dungeon (6/15)
 Temple: D:4-7

Altars:


Message History

You closely miss the scorpion.
The scorpion stings you but does no damage.
You barely miss the scorpion. You block the scorpion's attack.
The scorpion stings you but does no damage.
You barely miss the scorpion.
The scorpion stings you but does no damage.
You hit the scorpion.
The scorpion is lightly wounded.
The scorpion closely misses you.
The scorpion stings you but does no damage.
You slash the scorpion!
The scorpion is severely wounded.
The scorpion stings you but does no damage.
An iguana comes into view.
The iguana hisses angrily.
You hit the scorpion but do no damage.
The scorpion is severely wounded.
The scorpion closely misses you. The scorpion barely misses you.
You closely miss the scorpion.
The scorpion is severely wounded.
You block the scorpion's attack.
You closely miss the scorpion.
The scorpion is severely wounded.
The scorpion stings you but does no damage.
The scorpion barely misses you.
You barely miss the scorpion.
The scorpion is severely wounded.
The scorpion barely misses you. x2
You barely miss the scorpion.
The scorpion is severely wounded.
The scorpion completely misses you.
You hit the scorpion.
You kill the scorpion!
You hit the iguana. The iguana bites you.
You barely miss the iguana.
The iguana is moderately wounded.
The iguana bites you. The iguana bites you!
You die...

..##. ##..
..... .....
..... ..... #
##...##.....
##.#...........
#.....#...#..#.
#.#............
.......l.....#
......%@...#.#
..........##
#..##...#.# #.
####### .


You could see an iguana.

Vanquished Creatures
  A bullfrog (D:6)
  A scorpion (D:6)
  A howler monkey (D:6)
  2 jellies (D:6)
  Jessica (D:2)
  Robin (D:2)
  A gnoll (D:1)
  5 adders
  A worm (D:2)
  An orc (D:6)
  2 endoplasms
  10 giant cockroaches (D:2)
  12 goblins
  5 hobgoblins
  6 jackals (D:1)
  4 quokkas
  4 ball pythons
  A bat (D:1)
  A frilled lizard (D:2)
  6 kobolds
  2 rats
68 creatures vanquished.

Notes
Turn   | Place    | Note
-------+----------+-------------------------------------------
     0 | D:1      | qw the Gargoyle Fighter began the quest for the Orb.
     0 | D:1      | Reached XP level 1. HP: 14/14 MP: 1/1
     0 | D:1      | 0 ||| qw: Version: 0.1-a-116-g5d60599
     0 | D:1      | 0 ||| qw: Game counter: 7480
     0 | D:1      | 0 ||| qw: Always use a shield: true
     0 | D:1      | 0 ||| qw: God list: Okawaru
     0 | D:1      | 0 ||| qw: Allow faded altars: false
     0 | D:1      | 0 ||| qw: Do Orc after D:15 true
     0 | D:1      | 0 ||| qw: Do second Lair branch before Depths: true
     0 | D:1      | 0 ||| qw: Lair rune preference: random
     0 | D:1      | 0 ||| qw: Plans: Normal, Zot, God:TSO, Crypt, Tomb, Zig,
                  | Orb
     0 | D:1      | 0 ||| PLANNING D:1-11
    74 | D:1      | Reached skill level 2 in Axes
    74 | D:1      | Reached XP level 2. HP: 8/19 MP: 2/2
   574 | D:1      | Reached skill level 3 in Axes
   771 | D:1      | Reached XP level 3. HP: 23/23 MP: 3/3
  1009 | D:1      | 1009 ||| UPGRADING to amulet of guardian spirit.
  1014 | D:1      | 1014 ||| READING scroll labelled LEVOAXTONAPN.
  1015 | D:1      | 1015 ||| READING 2 scrolls labelled YBANUE SIEMO.
  1018 | D:1      | 1018 ||| READING scroll labelled QOLLIGHAAFO.
  1019 | D:1      | 1019 ||| READING scroll labelled FUB MASOVVAC.
  1020 | D:1      | 1020 ||| READING scroll labelled YTISINTENOO.
  1058 | D:2      | Noticed Robin
  1059 | D:2      | 1059 ||| STAIRDANCE
  1153 | D:2      | 1153 ||| STAIRDANCE
  1194 | D:2      | 1194 ||| STAIRDANCE
  1320 | D:2      | 1320 ||| STAIRDANCE
  1347 | D:2      | 1347 ||| STAIRDANCE
  1402 | D:2      | 1402 ||| Stepping ~*~*~tactically~*~*~ (hiding).
  1403 | D:2      | 1403 ||| Stepping ~*~*~tactically~*~*~ (hiding).
  1409 | D:2      | Killed Robin
  1512 | D:2      | 1512 ||| DROPPING +0 club.
  1556 | D:2      | Reached XP level 4. HP: 27/28 MP: 4/4
  1640 | D:2      | Noticed Jessica
  1641 | D:2      | 1641 ||| Stepping ~*~*~tactically~*~*~ (hiding).
  1650 | D:2      | Killed Jessica
  1651 | D:2      | Reached skill level 4 in Axes
  1652 | D:2      | 1652 ||| FLEEEEING.
  1653 | D:2      | 1653 ||| FLEEEEING.
  1655 | D:2      | 1655 ||| Stepping ~*~*~tactically~*~*~ (stealth).
  1658 | D:2      | 1658 ||| FLEEEEING.
  1734 | D:2      | Identified the +2 robe of the New World {+Blink}
  1758 | D:2      | 1758 ||| Stepping ~*~*~tactically~*~*~ (stealth).
  2026 | D:2      | Reached XP level 5. HP: 32/32 MP: 5/5
  2631 | D:2      | 2631 ||| UPGRADING to +0 helmet.
  2636 | D:2      | 2636 ||| READING scroll labelled VOEFERAGID.
  2637 | D:2      | 2637 ||| DRINKING 2 viscous pink potions.
  2723 | D:3      | You fall into a shaft and drop 3 floors!
  2739 | D:6      | 2739 ||| Stepping ~*~*~tactically~*~*~ (stealth).
  2749 | D:6      | Reached skill level 5 in Axes
  2758 | D:6      | Reached XP level 6. HP: 32/39 MP: 6/6
  2761 | D:6      | Noticed a water moccasin
  2763 | D:6      | 2763 ||| Stepping ~*~*~tactically~*~*~ (stealth).
  2764 | D:6      | 2764 ||| Stepping ~*~*~tactically~*~*~ (stealth).
  2765 | D:6      | 2765 ||| Stepping ~*~*~tactically~*~*~ (stealth).
  2767 | D:6      | Noticed a sky beast
  2770 | D:6      | HP: 9/39 [water moccasin (2)]
  2771 | D:6      | 2771 ||| READING scroll of teleportation.
  2771 | D:6      | HP: 3/39 [iguana (2)]
  2773 | D:6      | Reached skill level 1 in Dodging
  2774 | D:6      | 2774 ||| Stepping ~*~*~tactically~*~*~ (stealth).
  2789 | D:6      | HP: 2/39 [iguana (2)]
  2790 | D:6      | Mangled by an iguana

Levels and vault maps discovered:
D:1:      dpeg_arrival_renting, layout_loops_ring, minmay_pentomino_v2
D:2:      minmay_roachtagon, layout_basic, roderic_lattice_a, uniq_jessica,
          uniq_robin
D:3:      layout_rooms, nrook_mini_vaults, hangedman_decor_clover_reticule
D:6:      layout_cave_pools, lemuel_temple_firewalk_a

Skill      XL: |  1  2  3  4  5  6 |
---------------+-------------------+-----
Axes           | 2 3 4 5 |  5.3
Fighting       | 4 |  4.7
Dodging        | 1 |  1.3
Armour         | |  3.2
Shields        | |  3.2

Action                   |  1- 3 |  4- 6 || total
-------------------------+-------+-------++-------
Melee: War axe           |    74 |   136 ||   210
  Use: Scroll            |     5 |     2 ||     7
       Potion            |       |     1 ||     1
Armor: Scale mail        |    47 |    61 ||   108
Dodge: Dodged            |    51 |    74 ||   125
Block: Buckler           |    13 |    27 ||    40

Table legend:
 A = Non-vault XP
 B = Vault XP
 C = Vault XP percentage of total XP
 D = Non-vault monster count
 E = Vault monster count
 F = Vault count percentage of total count
                 A         B        C        D         E       F
            +---------+---------+-------+---------+---------+-------
      Total |     453 |      95 |  17.3 |      43 |      25 |  36.8
            +---------+---------+-------+---------+---------+-------
        D:1 |      42 |      22 |  34.4 |      17 |      13 |  43.3
        D:2 |      77 |      73 |  48.7 |      18 |      12 |  40.0
        D:3 |       1 |       0 |   0.0 |       1 |       0 |   0.0
        D:6 |     333 |       0 |   0.0 |       7 |       0 |   0.0
            +---------+---------+-------+---------+---------+-------
